 Dungeon Crawl Stone Soup version 0.23.3 (webtiles) character file.

Game seed: 12087571548672915419

9559 MordorOrchid the Thaumaturge (level 11, -13/86 HPs)
             Began as a Gnoll Skald on Mar 29, 2020.
             Was a Priest of Cheibriados.
             Mangled by a white ugly thing (28 damage)
             ... on level 11 of the Dungeon.
             The game lasted 00:54:00 (6982 turns).

MordorOrchid the Thaumaturge (Gnoll Skald)          Turns: 6982, Time: 00:54:01

Health: -13/86     AC: 14    Str: 21    XL:     11   Next: 48%
Magic:  11/23      EV: 16    Int: 27    God:    Cheibriados [***...]
Gold:   359        SH:  0    Dex: 23    Spells: 9/26 levels left

rFire    . . .     SeeInvis .   p - +5 halberd
rCold    . . .     Gourm    .   (shield currently unavailable)
rNeg     . . .     Faith    .   e - +0 scale mail
rPois    .         Spirit   .   l - +1 helmet
rElec    .         Reflect  .   F - +0 cloak
rCorr    .         Harm     .   s - +0 pair of gloves
MR       +....                  r - +0 pair of boots
Stlth    ++........             (no amulet)
HPRegen  1.24/turn              G - ring of protection from magic
MPRegen  0.18/turn              c - +3 ring of slaying

@: regenerating, very slow
A: distributed training, fangs 1, strong nose
a: Bend Time, Temporal Distortion, Renounce Religion


You were on level 11 of the Dungeon.
You worshipped Cheibriados.
Cheibriados was most pleased with you.
You were not hungry.

You visited 2 branches of the dungeon, and saw 13 of its levels.
You also visited: Ossuary.

You collected 546 gold pieces.
You spent 187 gold pieces at shops.

Inventory:

Hand Weapons
 a - a +0 falchion
 b - a +7 blowgun
 j - a +0 hunting sling
 p - a +5 halberd (weapon)
 y - a +4 dagger of electrocution
 P - a +2 whip of flaming
 V - a cursed -1 war axe
Missiles
 f - 190 stones
 h - 79 sling bullets
 i - 18 tomahawks (quivered)
 A - 6 curare-tipped needles
 D - 61 bolts
 K - 7 poisoned javelins
 N - 134 arrows
 X - a throwing net
Armour
 e - a +0 scale mail (worn)
 l - a +1 helmet (worn)
 r - a +0 pair of boots (worn)
 s - a +0 pair of gloves (worn)
 F - a +0 cloak (worn)
 W - a +0 shield
 Y - the +2 leather armour of the Guild-Master {Str+4 Int+2 Dex+3, unknown}
   (You found it on level 7 of the Dungeon)

   It affects your strength (+4).
   It affects your intelligence (+2).
   It affects your dexterity (+3).
Magical Staves
 z - an uncursed staff of conjuration
 L - an uncursed staff of poison
Jewellery
 c - a +3 ring of slaying (right hand)
 B - an uncursed ring of protection from fire
 G - a ring of protection from magic (left hand)
Wands
 k - a wand of paralysis (8)
 u - a wand of acid (17)
 J - a wand of polymorph (1)
 O - a wand of iceblast (7)
 T - a wand of clouds (4)
Scrolls
 g - a scroll of blinking
 m - 2 scrolls of fog
 o - a scroll of magic mapping
 q - 7 scrolls of teleportation
 w - 7 scrolls of remove curse
 x - a scroll of noise
 C - 3 scrolls of fear
 H - 4 scrolls of immolation
 R - 2 scrolls of enchant weapon
 S - 2 scrolls of enchant armour
 U - a scroll of amnesia {unknown}
Potions
 n - 4 potions of flight
 t - 5 potions of curing
 v - 4 potions of brilliance
 E - 2 potions of mutation
 I - a potion of cancellation
 M - 3 potions of lignification
 Q - a potion of agility
 Z - a potion of might
Comestibles
 d - 24 rations


   Skills:
 + Level 7.8 Fighting
 + Level 6.2 Short Blades
 + Level 7.8 Long Blades
 + Level 6.2 Axes
 + Level 6.2 Maces & Flails
 + Level 6.2 Polearms
 + Level 6.2 Staves
 + Level 6.2 Slings
 + Level 6.2 Bows
 + Level 6.2 Crossbows
 + Level 6.2 Throwing
 + Level 6.8 Armour
 + Level 7.8 Dodging
 + Level 6.2 Stealth
 + Level 6.2 Shields
 + Level 6.2 Unarmed Combat
 + Level 8.1 Spellcasting
 + Level 5.1 Conjurations
 + Level 5.1 Hexes
 + Level 7.6 Charms
 + Level 5.1 Summonings
 + Level 5.1 Necromancy
 + Level 5.1 Translocations
 + Level 5.1 Transmutations
 + Level 5.1 Fire Magic
 + Level 5.1 Ice Magic
 + Level 5.1 Air Magic
 + Level 5.1 Earth Magic
 + Level 5.1 Poison Magic
 + Level 6.8 Invocations
 + Level 6.2 Evocations


You had 9 spell levels left.
You knew the following spells:

 Your Spells              Type           Power        Failure   Level  Hunger
a - Infusion              Chrm           ####         1%          1    None
b - Song of Slaying       Chrm           ######..     1%          2    None
c - Conjure Flame         Conj/Fire      #####...     4%          3    None
e - Spectral Weapon       Hex/Chrm       #####...     2%          3    None
g - Mephitic Cloud        Conj/Pois/Air  #####...     4%          3    None
k - Regeneration          Chrm/Necr      #####.....   2%          3    None
y - Shroud of Golubria    Chrm/Tloc      #####.....   1%          2    None

Your spell library contained the following spells:

 Spells                   Type           Power        Failure   Level  Hunger
 Flame Tongue             Conj/Fire      #####        1%          1    None
 Poisonous Vapours        Pois/Air       #####.       2%          2    None
 Throw Flame              Conj/Fire      #####.       2%          2    None
 Inner Flame              Hex/Fire       #####...     4%          3    None
 Cause Fear               Hex            #####.....   16%         4    ##.....
 Sticky Flame             Conj/Fire      #####...     16%         4    ##.....
 Fireball                 Conj/Fire      #####.....   38%         5    ####...
 Silence                  Hex/Air        #####.....   38%         5    ####...
 Yara's Violent Unravell  Hex/Tmut       #####.....   38%         5    ####...
 Deflect Missiles         Chrm/Air       #####.....   80%         6    ######.
 Freezing Cloud           Conj/Ice/Air   #####.....   93%         6    ######.
 Ring of Flames           Chrm/Fire      #####.....   100%        7    #######
 Discord                  Hex            #####.....   100%        8    #######


Dungeon Overview and Level Annotations

Branches:
Dungeon (12/15)            Temple (1/1) D:7             Orc (0/2) D:9
   Lair: D:8-11

Altars:
Ashenzari
Cheibriados
Elyvilon
Fedhas
Gozag
Okawaru
Ru
Trog
Vehumet

Shops:
D:4 !?[(*   D:5 (

Annotations:
D:7 4 runed translucent doors


Innate Abilities, Weirdness & Mutations

Your experience applies equally to all skills.
You have very sharp teeth.
Your uncanny sense of smell can sniff out nearby items.


Message History

You see here a large rock.
Casting: Mephitic Cloud (safe; 4% risk of failure)
Confirm with . or Enter, or press ? or * to list all spells.
Okay, then.
Unknown command.
Casting: Mephitic Cloud (safe; 4% risk of failure)
Confirm with . or Enter, or press ? or * to list all spells.
You draw out your weapon's spirit!
The white ugly thing misses you.
You closely miss the white ugly thing.
Your spectral weapon hits the white ugly thing from afar!
The white ugly thing completely misses you.
The white ugly thing kicks you. The white ugly thing freezes you!!
* * * LOW HITPOINT WARNING * * *
You are too injured to fight recklessly!
Casting: Spectral Weapon (safe; 2% risk of failure)
Confirm with . or Enter, or press ? or * to list all spells.
Your skin crawls.
The white ugly thing kicks you.
* * * LOW HITPOINT WARNING * * *
The white ugly thing freezes you!!
You die...

#........
########........
#..^........(.[.
#.########.#####
#.# #.# #.# #..
#.# #... #####.#
#... #..@(.#
...# ##u####
∆#W# ∆ #.#.# ##
#.. ∆ .#.# # #


You could see a white ugly thing, a wraith and a friendly spectral +5 halberd.

Vanquished Creatures
  Sonja (D:10)
  2 cyclopes (D:11)
  A manticore (D:11)
  Joseph (D:8)
  A troll (D:10)
  Prince Ribbit (D:6)
  A hippogriff (D:12)
  A vampire (D:10)
  8 yaks
  A wraith (D:10)
  Grum (D:8)
  2 wyverns (D:9)
  A hungry ghost (D:12)
  A soldier ant (D:6)
  Duvessa (D:4)
  A black bear (D:8)
  A sky beast (D:12)
  4 orc warriors (D:9)
  An ice beast (D:5)
  4 ogres
  A slave (D:6)
  2 eyes of draining
  2 wolves (D:8)
  3 centaurs
  3 crocodiles
  A big kobold (D:7)
  An elf zombie (Ossuary)
  4 bullfrogs
  A wyvern zombie (D:10)
  Dowan (D:4)
  2 elf skeletons (D:7)
  7 scorpions
  9 wights
  4 killer bees (D:8)
  A lava snake (D:10)
  A centaur zombie (Ossuary)
  3 hounds
  4 jellies
  5 orc priests
  A bullfrog skeleton (D:7)
  2 human skeletons (D:7)
  2 human zombies
  Natasha (twice) (D:3)
  6 iguanas
  6 orc wizards
  7 worker ants
  A big kobold zombie (Ossuary)
  A hound skeleton (D:4)
  2 mummies (Ossuary)
  11 adders
  2 shadow imps
  An ooze (D:1)
  4 adder zombies
  4 adder skeletons
  2 worms
  2 dart slugs (D:2)
  3 leopard geckos
  33 orcs
  5 giant cockroaches
  2 hobgoblins
  2 jackals (D:2)
  3 quokkas
  A ball python skeleton (D:4)
  4 bats
  4 frilled lizards
  6 goblins
  A goblin zombie (Ossuary)
  8 hobgoblin zombies (Ossuary)
  A jackal zombie (Ossuary)
  9 kobolds
  9 kobold zombies (Ossuary)
  2 leopard gecko skeletons
  An orc skeleton (D:7)
  10 orc zombies (Ossuary)
  10 rats
  A rat zombie (Ossuary)
261 creatures vanquished.

Vanquished Creatures (others)
  3 jackals (D:6)
  6 spectral weapons
9 creatures vanquished.

Grand Total: 270 creatures vanquished

Notes
Turn   | Place    | Note
-------+----------+-------------------------------------------
     0 | D:1      | MordorOrchid the Gnoll Skald began the quest for the Orb.
     0 | D:1      | Reached XP level 1. HP: 20/20 MP: 6/6
   171 | D:1      | Reached XP level 2. HP: 14/26 MP: 3/7
   175 | D:1      | Learned a level 2 spell: Song of Slaying
   178 | D:1      | Learned a level 2 spell: Shroud of Golubria
   521 | D:2      | Reached XP level 3. HP: 29/31 MP: 1/9
   529 | D:2      | Learned a level 3 spell: Regeneration
   533 | D:2      | Learned a level 3 spell: Spectral Weapon
   572 | D:2      | Reached skill level 5 in Spellcasting
   909 | D:1      | Reached skill level 1 in Invocations
  1032 | D:3      | Found an opulent altar of Gozag.
  1133 | D:3      | Noticed Natasha
  1144 | D:3      | Killed Natasha
  1144 | D:3      | Reached skill level 1 in Short Blades
  1144 | D:3      | Reached skill level 1 in Axes
  1144 | D:3      | Reached skill level 1 in Maces & Flails
  1144 | D:3      | Reached skill level 1 in Polearms
  1144 | D:3      | Reached skill level 1 in Staves
  1144 | D:3      | Reached skill level 1 in Slings
  1144 | D:3      | Reached skill level 1 in Bows
  1144 | D:3      | Reached skill level 1 in Crossbows
  1144 | D:3      | Reached skill level 1 in Throwing
  1144 | D:3      | Reached skill level 1 in Stealth
  1144 | D:3      | Reached skill level 1 in Shields
  1144 | D:3      | Reached skill level 1 in Unarmed Combat
  1144 | D:3      | Reached skill level 1 in Evocations
  1144 | D:3      | Reached XP level 4. HP: 29/38 MP: 4/11
  1348 | D:3      | Reached skill level 1 in Conjurations
  1348 | D:3      | Reached skill level 1 in Hexes
  1348 | D:3      | Reached skill level 1 in Summonings
  1348 | D:3      | Reached skill level 1 in Necromancy
  1348 | D:3      | Reached skill level 1 in Translocations
  1348 | D:3      | Reached skill level 1 in Transmutations
  1348 | D:3      | Reached skill level 1 in Fire Magic
  1348 | D:3      | Reached skill level 1 in Ice Magic
  1348 | D:3      | Reached skill level 1 in Air Magic
  1348 | D:3      | Reached skill level 1 in Earth Magic
  1348 | D:3      | Reached skill level 1 in Poison Magic
  1547 | D:3      | Reached XP level 5. HP: 43/43 MP: 9/12
  1577 | D:3      | Noticed Natasha
  1582 | D:3      | Killed Natasha
  1732 | D:4      | Noticed Duvessa
  1732 | D:4      | Noticed Dowan
  1740 | D:4      | Killed Duvessa
  1740 | D:4      | Reached XP level 6. HP: 50/50 MP: 7/13
  1746 | D:4      | Killed Dowan
  1747 | D:4      | Reached skill level 5 in Fighting
  1747 | D:4      | Reached skill level 5 in Long Blades
  1747 | D:4      | Reached skill level 5 in Dodging
  1780 | D:4      | Found Xevinefo's Weapon Shop.
  1908 | D:4      | Reached XP level 7. HP: 50/56 MP: 11/15
  1961 | D:4      | Found Zugiawam's Magic Scroll Shoppe.
  1978 | D:4      | Bought a scroll of remove curse for 33 gold pieces
  1978 | D:4      | Bought a scroll of identify for 22 gold pieces
  1978 | D:4      | Bought a scroll of fear for 38 gold pieces
  1978 | D:4      | Bought a scroll of teleportation for 33 gold pieces
  2054 | D:4      | Found Uxijest's Distillery.
  2057 | D:4      | Bought a potion of curing for 39 gold pieces
  2170 | D:4      | Found Ytho Rou's Antique Armour Emporium.
  2195 | D:4      | Found Mivetz's Assorted Antiques.
  2203 | D:4      | Bought a purple potion for 22 gold pieces
  2234 | D:5      | Entered Level 5 of the Dungeon
  2248 | D:5      | Found a white marble altar of Elyvilon.
  2265 | D:5      | Found a white marble altar of Elyvilon.
  2444 | D:5      | Found Immuk's Antique Weapon Shop.
  2554 | D:6      | Reached XP level 8. HP: 49/63 MP: 11/16
  2713 | D:6      | Noticed Pikel
  2723 | D:6      | Noticed Pikel
  2723 | D:6      | Pikel changed into Pikel the basilisk
  2725 | D:6      | Noticed Pikel
  2725 | D:6      | Pikel the basilisk changed into Pikel the soldier ant
  2731 | D:6      | Killed Pikel the soldier ant
  2888 | D:6      | Noticed Prince Ribbit
  2906 | D:6      | Killed Prince Ribbit
  2906 | D:6      | Reached skill level 6 in Spellcasting
  3311 | D:7      | Found a staircase to the Ecumenical Temple.
  3409 | D:7      | Reached XP level 9. HP: 19/69 MP: 10/18
  3503 | D:7      | Found a huge runed translucent gate.
  3503 | D:7      | Noticed a polar bear
  3503 | D:7      | Noticed a polar bear
  3504 | D:7      | Found a huge runed translucent gate.
  3505 | D:7      | Found a huge runed translucent gate.
  3505 | D:7      | Noticed a manticore
  3506 | D:7      | Found a huge runed translucent gate.
  3506 | D:7      | Noticed a polar bear
  3506 | D:7      | Noticed a polar bear
  3570 | D:7      | Found a sand-covered staircase.
  3580 | Ossuary  | Entered an ossuary
  4250 | Temple   | Entered the Ecumenical Temple
  4257 | Temple   | Became a worshipper of Cheibriados the Contemplative
  4371 | D:7      | Reached skill level 5 in Armour
  4417 | D:7      | HP: 2/71 [yak (8)]
  4448 | D:7      | Reached skill level 5 in Invocations
  4535 | D:7      | Got a slimy leather armour
  4853 | D:8      | Reached * piety under Cheibriados
  4853 | D:8      | Reached XP level 10. HP: 48/77 MP: 13/20
  4860 | D:8      | Reached skill level 7 in Spellcasting
  4894 | D:8      | Noticed Grum
  4904 | D:8      | Killed Grum
  4994 | D:8      | Reached skill level 5 in Short Blades
  4994 | D:8      | Reached skill level 5 in Axes
  4994 | D:8      | Reached skill level 5 in Maces & Flails
  4994 | D:8      | Reached skill level 5 in Polearms
  4994 | D:8      | Reached skill level 5 in Staves
  4994 | D:8      | Reached skill level 5 in Slings
  4994 | D:8      | Reached skill level 5 in Bows
  4994 | D:8      | Reached skill level 5 in Crossbows
  4994 | D:8      | Reached skill level 5 in Throwing
  4994 | D:8      | Reached skill level 5 in Stealth
  4994 | D:8      | Reached skill level 5 in Shields
  4994 | D:8      | Reached skill level 5 in Unarmed Combat
  4994 | D:8      | Reached skill level 5 in Evocations
  5112 | D:8      | Learned a level 3 spell: Conjure Flame
  5122 | D:8      | Noticed Joseph
  5135 | D:8      | Killed Joseph
  5138 | D:8      | Reached ** piety under Cheibriados
  5612 | D:9      | Found a staircase to the Orcish Mines.
  5668 | D:9      | Learned a level 3 spell: Mephitic Cloud
  5716 | D:9      | Found a blossoming altar of Fedhas.
  5717 | D:9      | Found a bloodstained altar of Trog.
  5717 | D:9      | Found a sacrificial altar of Ru.
  5718 | D:9      | Found an iron altar of Okawaru.
  5720 | D:9      | You fall through a shaft for 3 floors!
  5792 | D:12     | Reached *** piety under Cheibriados
  5840 | D:10     | Entered Level 10 of the Dungeon
  5884 | D:10     | Reached XP level 11. HP: 79/84 MP: 18/22
  6005 | D:9      | Found a shattered altar of Ashenzari.
  6496 | D:10     | Noticed Sonja
  6501 | D:10     | Killed Sonja
  6576 | D:10     | Identified a scroll of acquirement
  6739 | D:10     | Reached skill level 5 in Conjurations
  6739 | D:10     | Reached skill level 5 in Hexes
  6739 | D:10     | Reached skill level 5 in Summonings
  6739 | D:10     | Reached skill level 5 in Necromancy
  6739 | D:10     | Reached skill level 5 in Translocations
  6739 | D:10     | Reached skill level 5 in Transmutations
  6739 | D:10     | Reached skill level 5 in Fire Magic
  6739 | D:10     | Reached skill level 5 in Ice Magic
  6739 | D:10     | Reached skill level 5 in Air Magic
  6739 | D:10     | Reached skill level 5 in Earth Magic
  6739 | D:10     | Reached skill level 5 in Poison Magic
  6892 | D:11     | Noticed a manticore
  6900 | D:11     | Killed a manticore
  6900 | D:11     | Reached skill level 8 in Spellcasting
  6921 | D:11     | Noticed a cyclops
  6933 | D:11     | Killed a cyclops
  6964 | D:11     | Noticed a cyclops
  6974 | D:11     | Killed a cyclops
  6976 | D:11     | Noticed a white ugly thing
  6982 | D:11     | Mangled by a white ugly thing

Skill      XL: |  1  2  3  4  5  6  7  8  9 10 11 |
---------------+----------------------------------+-----
Spellcasting   | 5 6 7 8 |  8.1
Invocations    | 1 2 3 4 5 6 |  6.8
Short Blades   | 1 2 3 4 5 6 |  6.2
Axes           | 1 2 3 4 5 6 |  6.2
Maces & Flails | 1 2 3 4 5 6 |  6.2
Polearms       | 1 2 3 4 5 6 |  6.2
Staves         | 1 2 3 4 5 6 |  6.2
Slings         | 1 2 3 4 5 6 |  6.2
Bows           | 1 2 3 4 5 6 |  6.2
Crossbows      | 1 2 3 4 5 6 |  6.2
Throwing       | 1 2 3 4 5 6 |  6.2
Stealth        | 1 2 3 4 5 6 |  6.2
Shields        | 1 2 3 4 5 6 |  6.2
Unarmed Combat | 1 2 3 4 5 6 |  6.2
Evocations     | 1 2 3 4 5 6 |  6.2
Conjurations   | 1 2 3 4 5 |  5.1
Hexes          | 1 2 3 4 5 |  5.1
Summonings     | 1 2 3 4 5 |  5.1
Necromancy     | 1 2 3 4 5 |  5.1
Translocations | 1 2 3 4 5 |  5.1
Transmutations | 1 2 3 4 5 |  5.1
Fire Magic     | 1 2 3 4 5 |  5.1
Ice Magic      | 1 2 3 4 5 |  5.1
Air Magic      | 1 2 3 4 5 |  5.1
Earth Magic    | 1 2 3 4 5 |  5.1
Poison Magic   | 1 2 3 4 5 |  5.1
Armour         | 3 4 5 6 |  6.8
Fighting       | 5 6 7 |  7.8
Long Blades    | 5 6 7 |  7.8
Dodging        | 5 6 7 |  7.8
Charms         | 6 7 |  7.6

Action                   |  1- 3 |  4- 6 |  7- 9 | 10-12 || total
-------------------------+-------+-------+-------+-------++-------
Melee: Dagger            |    84 |    97 |    84 |    10 ||   275
       Falchion          |     4 |       |       |       ||     4
       Bite              |     7 |     4 |    19 |    23 ||    53
       Mace              |       |       |    49 |       ||    49
       Halberd           |       |       |   103 |   172 ||   275
 Fire: Hunting sling     |       |       |    85 |     5 ||    90
       Blowgun           |       |       |       |     1 ||     1
Throw: Tomahawk          |       |       |     2 |       ||     2
 Cast: Infusion          |    10 |     8 |     6 |       ||    24
       Regeneration      |     1 |       |     6 |     9 ||    16
       Spectral Weapon   |       |     2 |    29 |    33 ||    64
       Shroud of Golubri |       |     1 |     9 |     3 ||    13
       Song of Slaying   |       |     1 |     6 |     3 ||    10
       Mephitic Cloud    |       |       |       |     3 ||     3
Invok: Bend Time         |       |       |       |     1 ||     1
       Temporal Distorti |       |       |       |     1 ||     1
Evoke: Wand              |       |       |     6 |     2 ||     8
  Use: Scroll            |     5 |     1 |    11 |     5 ||    22
       Potion            |       |     3 |     1 |     2 ||     6
 Stab: Sleeping          |       |     1 |     6 |     4 ||    11
       Distracted        |       |       |     1 |     2 ||     3
       Confused          |       |       |       |     1 ||     1
  Eat: Chunk             |     1 |     3 |    12 |     5 ||    21
Armor: Ring mail         |    30 |    42 |    67 |     9 ||   148
       Scale mail        |       |       |       |    50 ||    50
Dodge: Dodged            |    64 |    60 |   123 |   118 ||   365
       Rpst.: Falchion   |     1 |       |       |       ||     1
